 Dungeon Crawl Stone Soup version 0.29-a0-307-gecccbbdb84 (webtiles) character file.

Game seed: 16341078979744712413

23 Dabor the Quickloader (level 2, -1/26 HPs)
             Began as a Gnoll Hunter on Mar 27, 2022.
             Slain by a worm (8 damage)
             ... on level 2 of the Dungeon.
             The game lasted 00:01:46 (864 turns).

Dabor the Quickloader (Gnoll Hunter)                 Turns: 864, Time: 00:01:46

Health: -1/26      AC:  5    Str: 10    XL:     2   Next: 95%
Magic:  2/2        EV: 11    Int:  8    God:
Gold:   68         SH:  0    Dex: 15    Spells: 2/2 levels left

rFire   + . .      SeeInvis .   a - +1 hand crossbow
rCold   . . .      Faith    .   (no shield)
rNeg    . . .      Spirit   .   j - +0 ring mail
rPois   +          Reflect  .   (no helmet)
rElec   .          Harm     .   (no cloak)
rCorr   .          Rampage  .   (no gloves)
Will    .....                   (no boots)
Stlth   +.........              d - amulet of magic regeneration
HPRegen 0.08/turn               h - ring of protection from fire
MPRegen 0.48/turn               m - ring of poison resistance

@: no status effects
A: fangs 1, strong nose, distributed training
a: no special abilities


You were on level 2 of the Dungeon.
You visited 1 branch of the dungeon, and saw 2 of its levels.

You collected 68 gold pieces.

Inventory:

Hand Weapons
 a - a +1 hand crossbow (weapon)
Missiles
 g - 3 poisoned darts
Armour
 b - a +0 leather armour
 j - a +0 ring mail (worn)
Jewellery
 d - an amulet of magic regeneration (around neck)
 h - a ring of protection from fire (left hand)
 m - a ring of poison resistance (right hand)
Scrolls
 c - a scroll of immolation
 e - 3 scrolls of teleportation
 i - a scroll of identify
 k - a scroll of enchant armour {unknown}
 l - a scroll of fear {unknown}
Potions
 f - a potion of resistance


   Skills:
 + Level 4.5 Fighting
 + Level 0.5 Short Blades
 + Level 0.5 Long Blades
 + Level 0.5 Axes
 + Level 0.5 Maces & Flails
 + Level 0.5 Polearms
 + Level 0.5 Staves
 + Level 0.5 Slings
 + Level 0.5 Bows
 + Level 8.5 Crossbows
 + Level 0.5 Throwing
 + Level 0.5 Armour
 + Level 4.5 Dodging
 + Level 2.3 Stealth
 + Level 0.5 Shields
 + Level 0.5 Unarmed Combat
 + Level 0.5 Spellcasting
 + Level 0.4 Conjurations
 + Level 0.4 Hexes
 + Level 0.4 Summonings
 + Level 0.4 Necromancy
 + Level 0.4 Translocations
 + Level 0.4 Transmutations
 + Level 0.4 Fire Magic
 + Level 0.4 Ice Magic
 + Level 0.4 Air Magic
 + Level 0.4 Earth Magic
 + Level 0.4 Poison Magic
 + Level 0.7 Invocations
 + Level 0.5 Evocations


You had 2 spell levels left.
You didn't know any spells.
Your spell library was empty.

Dungeon Overview and Level Annotations

Branches:
Dungeon (2/15)

Altars:


Innate Abilities, Weirdness & Mutations

You have very sharp teeth.
Your uncanny sense of smell can sniff out nearby items.
Your experience applies equally to all skills.


Message History

You shoot a bolt. The bolt closely misses the jackal.
The jackal barely misses you.
The jackal bites you but does no damage.
You shoot a bolt. The bolt hits the jackal!
You kill the jackal!
No target in view!
No target in view!
No target in view!
A worm comes into view.
You shoot a bolt. The bolt hits the worm.
The worm is lightly wounded.
You shoot a bolt. The bolt hits the worm!
The worm is moderately wounded.
You shoot a bolt. The bolt hits the worm.
The worm is heavily wounded.
You shoot a bolt. The bolt hits the worm.
The worm is heavily wounded.
You shoot a bolt. The bolt hits the worm.
The worm is severely wounded.
The worm bites you!
You are too injured to fight recklessly!
You are too injured to fight recklessly!
You are too injured to fight recklessly!
You are too injured to fight recklessly!
Shoot: a) +1 hand crossbow
Press: ? - help, Q - select action, (/) - cycle Shift-Dir - straight line, f/p - worm
Aim: a worm (severely wounded, 82% to hit)
You shoot a bolt. The bolt completely misses the worm.
Shoot: a) +1 hand crossbow
Press: ? - help, Q - select action, (/) - cycle Shift-Dir - straight line, f/p - worm
Aim: a worm (severely wounded, 82% to hit)
You shoot a bolt. The bolt barely misses the worm.
The worm bites you!
* * * LOW HITPOINT WARNING * * *
Shoot: a) +1 hand crossbow
Press: ? - help, Q - select action, (/) - cycle Shift-Dir - straight line, f/p - worm
Aim: a worm (heavily wounded, 82% to hit)
You shoot a bolt. The bolt barely misses the worm.
The worm bites you!
You die...

....########...#
.#........##...#
....#.....##...# .
....#...[......# .#
..........#....# .#
.##.......##...# ..#
....#.....##...# ..#
...............###...#
#.....>........)@w?..#
................##...#
.#.#.......#.#### ..#
##.#.[.###.... ##
#......# ##.#.
)..##.## #. ##.##.# ##
##.##.# #..#.###


You could see a worm.

Vanquished Creatures
  A ball python (D:2)
  A bat (D:2)
  4 endoplasms
  2 hobgoblins (D:1)
  3 jackals (D:2)
  A kobold (D:2)
  A quokka (D:1)
  A frilled lizard (D:1)
  2 goblins (D:1)
  3 rats
19 creatures vanquished.

Notes
Turn   | Place    | Note
-------+----------+-------------------------------------------
     0 | D:1      | Dabor the Gnoll Hunter began the quest for the Orb.
     0 | D:1      | Reached XP level 1. HP: 20/20 MP: 1/1
   232 | D:1      | Reached XP level 2. HP: 26/26 MP: 2/2
   864 | D:2      | Slain by a worm

Illustrated notes

Levels and vault maps discovered:
D:1:      dpeg_arrival_tiny_a, layout_loops_cross, minivault_19
D:2:      layout_rooms, hellmonk_ecumenical_altar_crossroads

Action                   || total
-------------------------++-------
 Fire: Hand crossbow     ||    57
  Use: Scroll            ||     2
Armor: Ring mail         ||     7
       Leather armour    ||     1
Dodge: Dodged            ||     7

Table legend: (Time is in decaauts)
 A = Elapsed time spent in this place.
 B = Non-inter-level travel time spent in this place.
 C = Inter-level travel time spent in this place.
 D = Time resting spent in this place.
 E = Time spent auto-exploring this place.
 F = Levels seen in this place.
 G = Mean time per level.
                   A        B        C        D        E       F      G
               +--------+--------+--------+--------+--------+-----+--------+
         Total |    872 |    835 |     37 |      0 |    699 |   2 |  436.0 |
       Dungeon |    872 |    835 |     37 |      0 |    699 |   2 |  436.0 |
               +--------+--------+--------+--------+--------+-----+--------+

Top non-repeatable levels by time:
     D:1: 605 daAuts
     D:2: 266 daAuts
